 Dungeon Crawl Stone Soup version 0.31-a0-237-g2d982f9f85 (webtiles) character file.

Game seed: 11308147548257429866

1457 promet the Thaumaturge (level 8, -1/40 (41) HPs)
             Began as a Deep Elf Hedge Wizard on July 11, 2023.
             Was a Follower of Hepliaklqana.
             Slain by Maggie
             ... wielding a +2 morningstar of draining
              (10 damage)
             ... on level 7 of the Dungeon.
             The game lasted 01:00:20 (13190 turns).

promet the Thaumaturge (Deep Elf Hedge Wizard)     Turns: 13190, Time: 01:00:21

HP:   -1/40 (41)    AC:  8    Str: 15    XL:     8   Next: 47%
MP:   7/7           EV: 12    Int: 20    God:    Hepliaklqana [*.....]
Gold: 368           SH:  0    Dex: 14    Spells: 17/23 levels left

rFire   . . .        b - +3 longbow (antimagic)
rCold   . . .        (shield currently unavailable)
rNeg    . . .        q - +0 leather armour
rPois   .            u - +0 helmet
rElec   .            i - +0 cloak
rCorr   .            (no gloves)
SInv    +            e - +2 pair of boots
Will    .....        m - amulet of faith
Stlth   ++           o - +6 ring of strength
HPRegen 0.26/turn    r - ring of see invisible
MPRegen 0.10/turn

%: faith
@: lightly drained
A: reduced essence
a: Renounce Religion, Recall Ancestor, Ancestor Identity


You were on level 7 of the Dungeon.
You worshipped Hepliaklqana.
Hepliaklqana was aware of your devotion.
You visited 2 branches of the dungeon, and saw 8 of its levels.

You collected 879 gold pieces.
You spent 511 gold pieces at shops.

Inventory:

Hand Weapons
 a - a +2 dagger of draining
 b - a +3 antimagic longbow (weapon)
 d - a +0 rapier
 h - a +0 spear
Missiles
 g - 5 boomerangs
 j - 71 stones
 B - 3 poisoned darts
Armour
 c - a +0 hat
 e - a +2 pair of boots (worn)
 i - a +0 cloak (worn)
 q - a +0 leather armour (worn)
 u - a +0 helmet (worn)
Magical Staves
 z - a staff of fire
Jewellery
 m - an amulet of faith (around neck)
 o - a +6 ring of strength (left hand)
 p - a ring of fire
 r - a ring of see invisible (right hand)
Wands
 s - a wand of charming (23)
 x - a wand of iceblast (3)
 y - a wand of flame (17)
Scrolls
 v - 4 scrolls of identify
Potions
 f - 4 potions of degeneration
 k - a potion of curing
 l - a potion of might
 n - a potion of invisibility
 t - 2 potions of lignification
 w - 2 potions of cancellation


   Skills:
 * Level 3.0 Fighting
 + Level 0.8 Short Blades
 + Level 6.0 Ranged Weapons
 + Level 1.4 Throwing
 + Level 2.2 Armour
 + Level 3.4 Dodging
 + Level 3.1 Stealth
 + Level 8.4 Spellcasting
 + Level 3.4 Conjurations
 + Level 0.7 Hexes
 + Level 3.2 Summonings
 + Level 1.8 Translocations


You had 17 spell levels left.
You knew the following spells:

 Your Spells              Type           Power      Damage    Failure   Level
a - Magic Dart            Conj           88%        1d7       2%          1
b - Slow                  Hex            44%        N/A       8%          1
c - Blink                 Tloc           30%        N/A       7%          2
d - Call Imp              Summ           42%        N/A       4%          2

Your spell library contained the following spells:

 Spells                   Type           Power      Damage    Failure   Level
 Cigotuvi's Dreadful Rot  Necr/Pois/Air  16%        N/A       16%         2
 Mephitic Cloud           Conj/Pois/Air  12%        N/A       19%         3
 Frozen Ramparts          Ice            16%        1d3       30%         3
 Summon Ice Beast         Ice/Summ       14%        N/A       45%         4
 Ice Form                 Ice/Tmut       8%         N/A       69%         4


Dungeon Overview and Level Annotations

Branches:
Dungeon (7/15)             Temple (1/1) D:5

Altars:
Elyvilon
Hepliaklqana
Trog

Shops:
D:2 (

Annotations:
D:4 Pikel
D:7 Maggie


Message History

Maggie is lightly wounded.
Maggie's magic is no longer disrupted.
The howler monkey hits you.
Fire: b) +3 longbow (antimagic)
Press: ? - help, Q - select action, (/) - cycle Shift-Dir - straight line, f/p - Maggie
Aim: Maggie, wielding a +2 morningstar of draining and wearing +0 steam dragon scales (lightly wounded, 64% to hit)
You shoot an arrow. The arrow hits Maggie!
Maggie's magic leaks into the air.
Maggie is moderately wounded.
The howler monkey hoots and howls with incredible vigour!
Maggie falters for a moment.
The howler monkey barely misses you.
You hear a shout! x3
Fire: b) +3 longbow (antimagic)
Press: ? - help, Q - select action, (/) - cycle Shift-Dir - straight line, f/p - Maggie
Aim: Maggie, wielding a +2 morningstar of draining and wearing +0 steam dragon scales (moderately wounded, magic disrupted, 64% to hit)
You shoot an arrow. The arrow hits Maggie.
Maggie's magic leaks into the air.
Maggie is moderately wounded.
The howler monkey hits you. x2
An electric eel comes into view.
The howler monkey hoots and howls with incredible vigour!
You hear a shout!
Fire: b) +3 longbow (antimagic)
Press: ? - help, Q - select action, (/) - cycle Shift-Dir - straight line, f/p - Maggie
Aim: Maggie, wielding a +2 morningstar of draining and wearing +0 steam dragon scales (moderately wounded, magic disrupted, 64% to hit)
You shoot an arrow. The arrow hits Maggie!
Maggie's magic leaks into the air.
Maggie is moderately wounded.
The electric eel shoots out a bolt of lightning at you!
The bolt of electricity hits you!
Cipactli barely misses the howler monkey.
The howler monkey closely misses you.
Maggie hits you with a +2 morningstar of draining.
You feel drained.
Cipactli hits the howler monkey!
The electric eel shoots out a bolt of lightning at you!
The bolt of electricity hits you!
* * * LOW HITPOINT WARNING * * *
The howler monkey hits Cipactli.
You swap places.
The howler monkey barely misses Cipactli.
Cipactli hits the howler monkey.
Maggie completely misses you. Maggie attacks as you move away!
Maggie hits you with a +2 morningstar of draining!
You die...

*,* *,* *,*
#.########.### ** *,*
**,**#.* #.# *#.###
,****,***,<,##.*
#.#######...,,
,,,,,,,,,,,,,..*
#..........#**
*****,***,,,*#.##
#.########.#**
**,,,.*,***..# #.#
*,,,, **,~~~≈~.####.#
#.# *,***
**,*~**#~.....@####.#
*,*,,
**,**~~~≈≈|.[..R@....#
*,*,*
*,***~~*≈S#####h####.#
*,*,* **,**~~*~~* #.#
#.# *,*,* ,,,,*~~*~~*
*#(#**#.# *,*,*
****,~~~~~* *...,,..#
**,*,* *,~***~*
*.##**### **,*,,*
*,~~~~~* #.* **,***,*
* *,,,,*** #.*
*******,** **, *
*,**** *,*
*,,,,,,,,***,*


You could see the friendly Cipactli the ancestor, Maggie (magic disrupted), a
howler monkey (distracted, catching breath, ally target) and an electric eel.

Vanquished Creatures
  A water moccasin (D:5)
  Duvessa (D:6)
  A sky beast (D:6)
  A black bear (D:6)
  A centaur (D:5)
  2 scorpions
  Dowan (D:6)
  7 hounds
  An orc priest (D:6)
  2 jellies
  An iguana (D:5)
  3 orc wizards
  A gnoll (D:1)
  3 adders (D:3)
  3 white imps
  2 ufetubi (D:5)
  3 worms
  3 dart slugs
  8 orcs
  7 endoplasms
  4 giant cockroaches
  5 hobgoblins
  2 jackals (D:4)
  3 quokkas
  7 ball pythons
  7 bats
  2 frilled lizards
  6 goblins
  3 kobolds
  7 rats
98 creatures vanquished.

Vanquished Creatures (collateral kills)
  A sky beast (D:7)
  A lemure (D:4)
  A bullfrog (D:6)
  A scorpion (D:5)
  2 adders
  2 orcs (D:6)
  A ball python (D:1)
  A goblin (D:2)
  2 hobgoblins
12 creatures vanquished.

Vanquished Creatures (others)
  A jelly (D:5)
  3 ancestors (D:6)
4 creatures vanquished.

Grand Total: 114 creatures vanquished

Notes
Turn   | Place    | Note
-------+----------+-------------------------------------------
     0 | D:1      | promet the Deep Elf Hedge Wizard began the quest for the
                  | Orb.
     0 | D:1      | Reached XP level 1. HP: 10/10 MP: 7/7
   330 | D:1      | Reached skill level 5 in Spellcasting
   352 | D:1      | Reached XP level 2. HP: 14/15 MP: 5/10
   354 | D:1      | Learned a level 1 spell: Slow
   357 | D:1      | Learned a level 2 spell: Blink
   360 | D:1      | Learned a level 2 spell: Call Imp
  1182 | D:1      | Reached XP level 3. HP: 20/20 MP: 10/12
  2890 | D:2      | Identified a scroll of acquirement
  2890 | D:2      | Acquired 697 gold pieces
  3005 | D:2      | Reached skill level 1 in Fighting
  3312 | D:2      | Found Xigyudgh's Weapon Boutique.
  3318 | D:2      | Bought a +3 antimagic longbow for 511 gold pieces
  3676 | D:3      | Reached XP level 4. HP: 25/25 MP: 4/13
  3737 | D:3      | Found a white marble altar of Elyvilon.
  3750 | D:3      | You fall into a shaft and drop 1 floor!
  3967 | D:4      | Reached skill level 6 in Spellcasting
  5000 | D:3      | Reached skill level 1 in Ranged Weapons
  5387 | D:3      | Reached XP level 5. HP: 26/29 MP: 2/16
  6134 | D:4      | Noticed a lemure
  6518 | D:4      | Noticed a lemure
  6613 | D:4      | Noticed a lemure
  6725 | D:4      | Reached skill level 1 in Armour
  7157 | D:4      | Noticed a lemure
  7159 | D:4      | Reached XP level 6. HP: 34/34 MP: 5/17
  7381 | D:4      | Noticed Pikel
  7411 | D:5      | Entered Level 5 of the Dungeon
  8068 | D:5      | Found a staircase to the Ecumenical Temple.
  8072 | D:5      | Noticed a water moccasin
  8083 | D:5      | Killed a water moccasin
  8084 | D:5      | Reached skill level 7 in Spellcasting
  8615 | Temple   | Entered the Ecumenical Temple
  8670 | Temple   | Became a worshipper of Hepliaklqana the Forgotten
  8931 | D:5      | Reached XP level 7. HP: 35/40 MP: 6/19
 10234 | D:6      | Noticed Dowan
 10235 | D:6      | Noticed Duvessa
 10962 | D:6      | Reached * piety under Hepliaklqana
 11585 | D:6      | Noticed a two-headed ogre
 11744 | D:6      | Killed Duvessa
 11745 | D:6      | Reached skill level 5 in Ranged Weapons
 11745 | D:6      | Reached skill level 8 in Spellcasting
 11745 | D:6      | Reached XP level 8. HP: 19/40 MP: 1/22
 11759 | D:6      | Killed Dowan
 12508 | D:6      | Reached skill level 1 in Throwing
 13182 | D:7      | Noticed Maggie
 13190 | D:7      | Slain by Maggie

Illustrated notes

Levels and vault maps discovered:
D:1:      moated_graveyard_arrival, layout_loops_ring, minmay_pentomino_u4
D:2:      layout_basic, serial_shops, nicolae_shop_real_fake_doors
D:3:      layout_loops_ring, elyvilon_altar_4, roderic_filled_cross,
          minmay_surrounded
D:4:      layout_basic, uniq_pikel
D:5:      layout_basic, minmay_temple_entry_statues_fountains
D:6:      layout_basic, uniq_duvessa
D:7:      layout_loops_ring, minmay_misc_feat_tower, nicolae_shop_unique_rings,
          minmay_crystal_water, nicolae_wooded_promenade, uniq_maggie,
          uniq_prince_ribbit1, uniq_crazy_yiuf_cottage
Temple:   mainiacjoe_temple_big_plus

Skill      XL: |  1  2  3  4  5  6  7  8 |
---------------+-------------------------+-----
Spellcasting   | 5 6 7 8 |  8.4
Fighting       | 1 2 3 |  3.0
Ranged Weapons | 1 3 5 6 |  6.0
Armour         | 1 2 |  2.2
Summonings     | 2 3 |  3.2
Stealth        | 3 |  3.1
Conjurations   | 3 |  3.4
Dodging        | 3 |  3.4
Throwing       | 1 |  1.4
Short Blades   | |  0.8
Hexes          | |  0.7
Translocations | |  1.8

Action                     |  1- 3 |  4- 6 |  7- 9 || total
---------------------------+-------+-------+-------++-------
  Melee: Dagger            |    29 |    29 |    37 ||    95
         Spear             |       |     5 |       ||     5
         Punch             |       |       |     1 ||     1
         Longbow           |       |       |     1 ||     1
   Fire: Longbow           |     6 |    76 |    76 ||   158
  Throw: Dart              |       |       |     3 ||     3
   Cast: Magic Dart        |    69 |    10 |     3 ||    82
         Call Imp          |     8 |    16 |    16 ||    40
         Slow              |     2 |     8 |     2 ||    12
         Blink             |       |     4 |     8 ||    12
    Use: Potion            |     1 |     5 |     2 ||     8
         Scroll            |     4 |     3 |     5 ||    12
   Stab: Sleeping          |     2 |     1 |       ||     3
         Distracted        |       |     1 |       ||     1
 Armour: Robe              |    14 |       |       ||    14
         Leather armour    |       |    36 |    33 ||    69
  Dodge: Dodged            |    25 |    48 |    59 ||   132

Table legend: (Time is in decaauts)
 A = Elapsed time spent in this place.
 B = Non-inter-level travel time spent in this place.
 C = Inter-level travel time spent in this place.
 D = Time resting spent in this place.
 E = Time spent auto-exploring this place.
 F = Levels seen in this place.
 G = Mean time per level.
                   A        B        C        D        E       F      G
               +--------+--------+--------+--------+--------+-----+--------+
         Total |  13268 |  12752 |    516 |   6325 |   1248 |   8 | 1658.5 |
       Dungeon |  13168 |  12652 |    516 |   6325 |   1209 |   7 | 1881.1 |
        Temple |     99 |     99 |      0 |      0 |     39 |   1 |   99.0 |
               +--------+--------+--------+--------+--------+-----+--------+

Top non-repeatable levels by time:
     D:5: 3447 daAuts
     D:4: 2346 daAuts
     D:1: 2109 daAuts
     D:6: 1834 daAuts
     D:3: 1797 daAuts
     D:2: 1432 daAuts
     D:7: 200 daAuts
  Temple: 99 daAuts
